Description

The goal here is to get 2 lightning fast adepts out to harass and get some map control while you expand immediately behind them. I would consider getting one additional adept in PvT before the expo to make harassment more effective. After the expansion you will get 4 more adepts as an additional wave of harass while you get 2 cannons, 2 proxy locations, blink and +2 weapons. That's right +2 weapons, since the rework stalkers hit like trucks with weapon upgrades. Give it a try!

Replay - Battle on the Boardwalk LE (15)

Build Order

Get SALT Encoding   

  14  0:16  Pylon  
  15  0:35  Gateway  
  15  0:38  Probe (Chrono Boost)  
  17  0:47  Assimilator  
  19  1:07  Gateway  Rally 18th probe to build gateway then into the newly finishing Assimilator.
  20  1:21  Cybernetics Core  Rally 19th probe to build Cybernetics Core and Pylon then into that same Assimilator. Add this probe back to minerals after delivering 2 barrels of gas.
  20  1:22  Pylon  
  23  1:57  Adept x2 (Chrono Boost)  Chrono Boost will be slightly delayed on second adept. Just do it ASAP.
  28  2:11  Nexus  
  28  2:15  Pylon  There will be a tiny gap in probe production to get this Pylon at this time, but it is necessary. Add 2 probes to 1st Assimilator after starting this Pylon.
  29  2:24  Adept  
  31  2:30  Assimilator  
  32  2:37  Adept  
  34  2:43  Pylon  
  35  2:48  Warp Gate  
  35  2:56  Adept  
  38  3:04  Adept  
  41  3:16  Forge  
  42  3:23  Sentry  
  45  3:31  Stalker  
  50  3:49  Photon Cannon  
  51  3:55  Photon Cannon  Move 2 probes to proxy locations. Build Pylons at those locations when you need supply.
  53  4:04  Stalker x2  
  57  4:16  Protoss Ground Weapons Level 1 (Chrono Boost)  Chrono boost 2 times. Be sure to use Nexus with the most energy.
  59  4:22  Pylon  at proxy
  60  4:30  Twilight Council  
  62  4:39  Gateway  
  63  4:50  Stalker x2  
  68  4:54  Assimilator x2  
  70  5:11  Blink  
  72  5:22  Stalker  
  72  5:23  Adept  
  77  5:30  Gateway x2  at proxy, at proxy (If you see that a proxy has been discovered, cancel and use the other.)
  77  5:38  Gateway  
  77  5:42  Stalker  
  79  5:44  Sentry  
  81  5:50  Protoss Ground Weapons Level 2 (Chrono Boost)  Chrono boost constantly. It should finish at the same time as Blink.
  81  5:54  Stalker  Keep warping in stalkers and the odd sentry or adept for utility and vision. Begin pushing around 7:00. Your upgrades will finish slightly after engagement.
Spawning Tool Build Advisor. Get it on Overwolf

Go to:

Details

  • Created by: dancingdragon
  • Published on: Dec 07, 2017
  • Modified on: Dec 07, 2017
  • Patch: 4.0.0
Show
View Real Time Build Order
Export as new Build Order

Comments (1)

On Jan. 18, 2019, 11:11 p.m., PashkaTLT  said:

Very cool, very powerful build. It has many benefits. Be ready to micro though, this is not a macro build, a lot will depend on your adept control, blink skills, sentry usage, focus firing, and then the victory will be shown on your screen over the bloody battlefield.

Create an account to comment!